 Dungeon Crawl Stone Soup version 0.26-b1-32-g5d43845318 (webtiles) character file.

Game seed: 10458649122132574192

3087 MisterFreud the Grappler (level 9, -6/89 HPs)
             Began as a Troll Fighter on Jan 12, 2021.
             Was a Follower of Ru.
             Mangled by a cane toad (20 damage)
             ... on level 1 of the Lair of Beasts.
             The game lasted 00:08:00 (6254 turns).

MisterFreud the Grappler (Troll Fighter)            Turns: 6254, Time: 00:08:00

Health: -6/89      AC:  6    Str: 27    XL:     9   Next: 59%
Magic:  8/8        EV:  8    Int:  6    God:    Ru [*.....]
Gold:   353        SH: 10    Dex:  9    Spells: 8/8 levels left

rFire    . . .     SeeInvis .     - Unarmed
rCold    . . .     Faith    .   b - +0 kite shield
rNeg     . . .     Spirit   .   a - +0 robe
rPois    .         Reflect  .   (helmet restricted)
rElec    .         Harm     .   (no cloak)
rCorr    .         Rampage  .   (gloves unavailable)
Will     .....                  (boots unavailable)
Stlth    +.........             y - amulet of inaccuracy (curse)
HPRegen  0.64/turn              (no ring)
MPRegen  0.11/turn              (no ring)

@: lethally poisoned (-6 -> -6)
A: large, unfitting armour, claws 3, regeneration 1, shaggy fur 1, tough skin 3,
inability to train dodging
a: Renounce Religion


You were on level 1 of the Lair of Beasts.
You worshipped Ru.
Ru was aware of your devotion.
You visited 3 branches of the dungeon, and saw 10 of its levels.

You collected 353 gold pieces.

Inventory:

Missiles
 i - 2 large rocks (quivered)
 j - 21 poisoned darts
Armour
 a - a +0 robe (worn)
 b - a +0 kite shield (worn)
Jewellery
 d - an uncursed amulet of magic regeneration
 y - a cursed amulet of inaccuracy (around neck)
Wands
 w - a wand of paralysis (6)
 C - a wand of random effects (13)
 D - a wand of iceblast (12)
Scrolls
 f - 12 scrolls of identify {unknown}
 g - 4 scrolls of teleportation {unknown}
 h - 3 scrolls of immolation {unknown}
 k - a scroll of blinking {unknown}
 l - 2 scrolls of noise {unknown}
 m - 2 scrolls of random uselessness {unknown}
 n - 2 scrolls of fear {unknown}
 p - 4 scrolls of remove curse {unknown}
 t - a scroll of amnesia {unknown}
 v - 2 scrolls of enchant weapon {unknown}
 x - a scroll of magic mapping {unknown}
Potions
 c - 3 potions of might
 e - a potion of haste {unknown}
 o - a potion of attraction {unknown}
 q - 2 potions of flight {unknown}
 r - a potion of brilliance {unknown}
 s - 4 potions of lignification {unknown}
 u - a potion of ambrosia {unknown}
 z - 3 potions of curing {unknown}
 A - a potion of berserk rage {unknown}
 B - a potion of mutation {unknown}


   Skills:
 - Level 6.0 Fighting
 - Level 4.0 Throwing
 + Level 6.9 Shields
 - Level 8.0 Unarmed Combat


You had 8 spell levels left.
You didn't know any spells.
Your spell library was empty.

Dungeon Overview and Level Annotations

Branches:
Dungeon (8/15)             Temple (1/1) D:5            Lair (1/6) D:8

Altars:
Ashenzari
Cheibriados
Dithmenos
Elyvilon
Fedhas
Hepliaklqana
Kikubaaqudgha
Makhleb
Okawaru
Qazlal
Ru
Sif Muna
Trog
Uskayaw
Wu Jian
Xom
Yredelemnul
The Shining One

Shops:
D:5 [

Annotations:
D:4 Edmund
D:6 1 runed translucent door, Jaiteiro's ghost, novice PaFi
D:8 1 transporter


Innate Abilities, Weirdness & Mutations

You are too large for most types of armour.
You have claws for hands.
Your natural rate of healing is unusually fast.
You are covered in fur. (AC +1)
You have extremely tough skin. (AC +3)
You cannot train Dodging skill.


Message History

The cane toad is heavily wounded.
You feel sick. You block the bullfrog's attack.
Unknown command.
You claw the bullfrog!
The bullfrog is moderately wounded.
The bullfrog closely misses you.
You barely miss the bullfrog.
The bullfrog is moderately wounded.
You feel sick. You block the bullfrog's attack. The cane toad stings you!
You closely miss the bullfrog.
The bullfrog is moderately wounded.
You feel sick. The bullfrog hits you. You block the bullfrog's attack.
The cane toad stings you!
* * * LOW HITPOINT WARNING * * *
Unknown command.
Okay, then.
You barely miss the cane toad.
The cane toad is heavily wounded.
The bullfrog barely misses you. The cane toad stings you!!
You die...

............... .........
.(.............. #.......
................##.......
........(................
.....................$...
......................F..
........................#
#.FF.............#.
##@##....#.......#. ###
###.P####.F ## #.. #..
#.. .. ..


You could see a cane toad and a bullfrog.

Vanquished Creatures
  A black mamba (Lair:1)
  2 orc warriors
  A necrophage (D:3)
  7 ogres
  A phantom (D:7)
  6 centaurs
  A big kobold (D:7)
  3 bullfrogs
  A water moccasin skeleton (D:4)
  5 scorpions
  A centaur zombie (D:7)
  A jelly (D:5)
  2 quasits
  A bullfrog skeleton (D:6)
  An orc priest (D:6)
  2 iguanas (D:5)
  7 orc wizards
  3 worker ants
  A hound zombie (D:5)
  A hound skeleton (D:5)
  Robin (D:4)
  4 gnolls (D:4)
  5 adders
  2 white imps
  An ufetubus (D:5)
  2 oozes
  An adder zombie (D:6)
  4 worms
  5 dart slugs
  5 leopard geckos
  37 orcs
  3 ball pythons
  3 giant cockroaches
  16 goblins
  11 hobgoblins
  5 jackals
  4 quokkas
  8 bats
  2 frilled lizards (D:1)
  5 kobolds
  A quokka skeleton (D:4)
  8 rats
181 creatures vanquished.

Vanquished Creatures (others)
  An orc wizard (D:6)
1 creature vanquished.

Grand Total: 182 creatures vanquished

Notes
Turn   | Place    | Note
-------+----------+-------------------------------------------
     0 | D:1      | MisterFreud the Troll Fighter began the quest for the Orb.
     0 | D:1      | Reached XP level 1. HP: 22/22 MP: 0/0
    94 | D:1      | Reached XP level 2. HP: 26/29 MP: 1/1
   122 | D:1      | Reached skill level 3 in Unarmed Combat
   253 | D:1      | Reached XP level 3. HP: 36/36 MP: 2/2
   517 | D:2      | Found a shimmering altar of Xom.
   535 | D:2      | Found a burning altar of Makhleb.
   928 | D:2      | Found a bloodstained altar of Trog.
  1128 | D:3      | Reached skill level 1 in Throwing
  1128 | D:3      | Reached skill level 4 in Unarmed Combat
  1244 | D:3      | Reached XP level 4. HP: 21/44 MP: 3/3
  1332 | D:3      | Noticed a necrophage
  1350 | D:3      | Killed a necrophage
  1351 | D:3      | Reached XP level 5. HP: 46/50 MP: 4/4
  1665 | D:3      | Noticed an ogre
  1670 | D:3      | Killed an ogre
  1671 | D:3      | Reached skill level 5 in Unarmed Combat
  2227 | D:4      | Reached XP level 6. HP: 55/59 MP: 5/5
  2499 | D:4      | Reached skill level 6 in Unarmed Combat
  2539 | D:4      | Reached XP level 7. HP: 66/66 MP: 6/6
  2825 | D:4      | Noticed Robin
  2881 | D:4      | Killed Robin
  3004 | D:4      | Reached skill level 7 in Unarmed Combat
  3136 | D:4      | Found a blossoming altar of Fedhas.
  3139 | D:4      | Found an iron altar of Okawaru.
  3142 | D:4      | Found a hide-covered altar of Uskayaw.
  3201 | D:4      | Noticed Edmund
  3243 | D:5      | Entered Level 5 of the Dungeon
  3600 | D:5      | Reached skill level 8 in Unarmed Combat
  3698 | D:5      | Reached XP level 8. HP: 74/74 MP: 7/7
  3731 | D:5      | Found Plog's Antique Armour Boutique.
  4043 | D:5      | Found a staircase to the Ecumenical Temple.
  4348 | Temple   | Entered the Ecumenical Temple
  4371 | Temple   | Became a worshipper of Ru the Awakened
  4648 | D:6      | Found a runed translucent door.
  4648 | D:6      | Noticed Jaiteiro's ghost (novice PaFi)
  5414 | D:7      | Reached skill level 5 in Fighting
  5414 | D:7      | Reached skill level 5 in Shields
  5422 | D:7      | Reached XP level 9. HP: 87/88 MP: 8/8
  5751 | D:7      | Gained mutation: You cannot train Dodging skill. [Ru
                  | sacrifice]
  5751 | D:7      | Reached * piety under Ru
  6218 | D:8      | Found a transporter.
  6218 | D:8      | Found a staircase to the Lair.
  6218 | D:8      | Noticed a moth of wrath
  6235 | Lair:1   | Entered Level 1 of the Lair of Beasts
  6235 | Lair:1   | Noticed a cane toad
  6235 | Lair:1   | Noticed a cane toad
  6238 | Lair:1   | Noticed a black mamba
  6242 | Lair:1   | Noticed a cane toad
  6247 | Lair:1   | Killed a black mamba
  6254 | Lair:1   | Mangled by a cane toad

Illustrated notes

Levels and vault maps discovered:
D:1:      nzn_arrival_crosshair, layout_rooms
D:2:      layout_loops_cross, bloody_trog, overflow_temple_1_default,
          nicolae_overflow_crystal_walls
D:3:      layout_basic
D:4:      layout_basic, grunt_temple_overflow_diamond, uniq_edmund, uniq_robin
D:5:      kb_forest_paths, layout_loops_ring, temple_hall, serial_shops,
          nicolae_shop_trees
D:6:      layout_basic, hellmonk_ghost_happy_afterlife
D:7:      layout_loops_corners
D:8:      layout_rooms, lemuel_doored_altar, nemelex_altar_shiori,
          lair_entry_dummy, gammafunk_ghost_wrathful_warriors
Temple:   eino_temple_lava
Lair:1:   layout_cave_shapes, beast_lair_carwin_2

Skill      XL: |  1  2  3  4  5  6  7  8  9 |
---------------+----------------------------+-----
Unarmed Combat | 3 4 5 6 8 |  8.0
Throwing       | 1 2 3 4 |  4.0
Fighting       | 5 6 |  6.0
Shields        | 5 6 |  6.9
Dodging        | 0 |  0.0

Action                   |  1- 3 |  4- 6 |  7- 9 || total
-------------------------+-------+-------+-------++-------
Melee: Unarmed           |   136 |   104 |   379 ||   619
Throw: Large rock        |       |       |     3 ||     3
Invok: Sacrifice Nimblen |       |       |     1 ||     1
 Stab: Sleeping          |     1 |       |       ||     1
Armor: Robe              |    47 |    32 |   122 ||   201
Dodge: Dodged            |    45 |    22 |   107 ||   174
Block: Kite shield       |    48 |    32 |   157 ||   237
